 Dungeon Crawl Stone Soup version 0.31-a0-986-g5e6e4ef867 (webtiles) character file.

Game seed: 12442556881607715084

340 Fodor the Covered (level 6, -10/55 HPs)
             Began as a Minotaur Fighter on Nov 25, 2023.
             Mangled by an orc warrior
             ... wielding a +0 trident
              (15 damage)
             ... on level 5 of the Dungeon.
             The game lasted 00:16:38 (3796 turns).

Fodor the Covered (Minotaur Fighter)                Turns: 3796, Time: 00:16:39

Health: -10/55     AC:  7    Str: 22    XL:     6   Next: 30%
Magic:  5/5        EV: 10    Int:  5    God:
Gold:   283        SH:  0    Dex: 16    Spells: 5/5 levels left

rFire   . . .        a - +0 war axe
rCold   . . .        c - +0 buckler
rNeg    . . .        b - +0 scale mail
rPois   .            (helmet restricted)
rElec   .            (no cloak)
rCorr   .            (no gloves)
SInv    .            (no boots)
Will    .....        (no amulet) Stlth
                     r - +6 ring of dexterity
HPRegen 0.29/turn    (no ring)
MPRegen 0.09/turn

%: no passive effects
@: confused
A: horns 2, retaliatory headbutt
a: no special abilities


You were on level 5 of the Dungeon.
You visited 1 branch of the dungeon, and saw 5 of its levels.

You collected 283 gold pieces.

Inventory:

Hand Weapons
 a - a +0 war axe (weapon)
Missiles
 s - 2 silver javelins (quivered)
Armour
 b - a +0 scale mail (worn)
 c - a +0 buckler (worn)
Jewellery
 r - a +6 ring of dexterity (left hand)
Scrolls
 e - a scroll of fear {unknown}
 f - 2 scrolls of identify {unknown}
 g - a scroll of enchant weapon {unknown}
 i - a scroll of poison {unknown}
 j - 2 scrolls of summoning {unknown}
 k - a scroll of vulnerability {unknown}
 n - a scroll of amnesia {unknown}
 o - 2 scrolls of revelation {unknown}
 t - a scroll of brand weapon {unknown}
 u - a scroll of torment {unknown}
Potions
 d - 2 potions of might
 h - 2 potions of invisibility {unknown}
 l - a potion of degeneration {unknown}
 m - 2 potions of brilliance {unknown}
 p - 2 potions of berserk rage {unknown}
 q - 2 potions of heal wounds {unknown}


   Skills:
 + Level 4.9 Fighting
 + Level 5.1 Axes
 + Level 0.1 Throwing
 + Level 5.4 Armour
 + Level 2.0 Dodging
 + Level 4.0 Shields


You had 5 spell levels left.
You didn't know any spells.
Your spell library was empty.

Dungeon Overview and Level Annotations

Branches:
Dungeon (5/15)
 Temple: D:4-7

Altars:
Fedhas

Shops:
D:1 ?

Annotations:
D:2 1 runed translucent door, Crazy Yiuf


Innate Abilities, Weirdness & Mutations

You have a pair of horns on your head.
You reflexively headbutt those who attack you in melee.


Message History

An orc warrior comes into view. It is wielding a +0 trident.
You feel sick.
The orc warrior shouts!
You see here an adder corpse.
You feel sick. The orc hits you with a +0 hand axe.
The orc wizard gestures at you while chanting.
You are confused.
You bump into the rock wall.
You feel sick. The orc hits you with a +0 hand axe.
You barely miss the iguana. You barely miss the orc.
You feel sick.
You are no longer poisoned.
The iguana bites you. The orc barely misses you.
The iguana attacks as it pursues you! The iguana bites you.
The orc attacks as it pursues you! The orc hits you with a +0 hand axe.
You're too confused to move!
The iguana bites you!
You closely miss the orc wizard. You headbutt the orc wizard.
The orc wizard is lightly wounded.
You hit the iguana.
The iguana bites you but does no damage.
You barely miss the orc wizard. Your headbutt misses the orc wizard.
The orc wizard is lightly wounded.
You closely miss the iguana. The orc wizard casts a spell at you.
You are more confused.
The iguana barely misses you.
The orc wizard hits you but does no damage.
The orc warrior hits you from afar with a +0 trident!
* * * LOW HITPOINT WARNING * * *
You bump into the rock wall.
The iguana bites you.
* * * LOW HITPOINT WARNING * * *
The orc wizard hits you but does no damage.
The orc warrior barely misses you.
You barely miss the orc wizard.
The orc wizard is lightly wounded.
You hit the iguana but do no damage. The iguana bites you!
* * * LOW HITPOINT WARNING * * *
The orc wizard gestures at you while chanting.
You are more confused.
The orc warrior hits you from afar with a +0 trident!
You die...

... .... # ....
#. +#.....
#.#####.#.....
#....@#oo.....
##....loo#
........†.# ..
.###......##....
#............
#...<........
................
####............
#......#.....


You could see an orc warrior, an iguana and an orc wizard.

Vanquished Creatures
  A sky beast (D:4)
  An ogre (D:4)
  An iguana (D:4)
  Robin (D:2)
  3 adders
  4 dart slugs
  4 orcs
  6 ball pythons
  4 endoplasms
  A giant cockroach (D:1)
  15 goblins
  14 hobgoblins
  7 kobolds
  7 quokkas
  4 bats
  4 frilled lizards
  6 rats
83 creatures vanquished.

Vanquished Creatures (others)
  A goblin (D:2)
1 creature vanquished.

Grand Total: 84 creatures vanquished

Notes
Turn   | Place    | Note
-------+----------+-------------------------------------------
     0 | D:1      | Fodor the Minotaur Fighter began the quest for the Orb.
     0 | D:1      | Reached XP level 1. HP: 19/19 MP: 0/0
   222 | D:1      | Reached XP level 2. HP: 26/27 MP: 1/1
   440 | D:1      | Found Ymiklul's Magic Scroll Boutique.
   925 | D:2      | Reached XP level 3. HP: 33/33 MP: 2/2
  1027 | D:2      | Noticed Robin
  1056 | D:2      | Killed Robin
  1057 | D:2      | Reached XP level 4. HP: 24/40 MP: 3/3
  1327 | D:2      | Identified the +10 dagger "Byonigoy" {protect, Contam rF-
                  | Str+3 Dex+8}
  1371 | D:2      | Found a runed translucent door.
  1372 | D:2      | Noticed Crazy Yiuf
  2600 | D:4      | Noticed a sky beast
  2613 | D:4      | Killed a sky beast
  2614 | D:4      | Reached skill level 5 in Armour
  2614 | D:4      | Reached skill level 1 in Dodging
  2614 | D:4      | Reached XP level 5. HP: 9/47 MP: 4/4
  3006 | D:4      | Found a blossoming altar of Fedhas.
  3261 | D:4      | Noticed an ogre
  3275 | D:4      | Killed an ogre
  3276 | D:4      | Reached skill level 5 in Axes
  3276 | D:4      | Reached XP level 6. HP: 55/55 MP: 5/5
  3783 | D:5      | Entered Level 5 of the Dungeon
  3786 | D:5      | Noticed an orc warrior
  3796 | D:5      | Mangled by an orc warrior

Illustrated notes

Levels and vault maps discovered:
D:1:      dpeg_arrival_chambers_temple_mockup, layout_loops_cross, serial_shops,
          shop, serial_glass, glass_columns_c, glass_columns_a,
          item_on_display_a, due_unseen_surprise, feat_on_display,
          minmay_strange_pillars, minmay_misc_feat_enclosed
D:2:      layout_basic, serial_park_tiny_2, uniq_robin, uniq_crazy_yiuf_cottage
D:3:      layout_loops_cross, serial_glass, glass_columns_c, glass_columns_a,
          glass_columns_b, glass_columns_a, glass_columns_a, glass_columns_a,
          glass_columns_a, glass_columns_c
D:4:      layout_basic, minmay_ruined_shrine
D:5:      layout_basic, mainiacjoe_overflow_boulevard,
          lemuel_coloured_pillars_altar,
          mainiacjoe_overflow_concentric_impassable,
          mainiacjoe_overflow_24_doors, minmay_temple_entry_poolview,
          serial_undead, serial_undead_c, serial_undead_f, serial_undead_f,
          serial_undead_c, serial_undead_e, serial_undead_a,
          nicolae_ossuary_entry_ruins

Skill      XL: |  1  2  3  4  5 |
---------------+----------------+-----
Armour         | 4 5 |  5.4
Fighting       | 4 |  4.9
Axes           | 3 4 5 |  5.1
Dodging        | 1 2 |  2.0
Shields        | 4 |  4.0
Throwing       | |  0.1

Action                     |  1- 3 |  4- 6 || total
---------------------------+-------+-------++-------
  Melee: War axe           |    64 |   102 ||   166
         Headbutt          |     4 |    13 ||    17
  Throw: Javelin           |       |     2 ||     2
 Armour: Scale mail        |    62 |    85 ||   147
  Dodge: Dodged            |    43 |    42 ||    85
  Block: Buckler           |    17 |    16 ||    33

Table legend: (Time is in decaauts)
 A = Elapsed time spent in this place.
 B = Non-inter-level travel time spent in this place.
 C = Inter-level travel time spent in this place.
 D = Time resting spent in this place.
 E = Time spent auto-exploring this place.
 F = Levels seen in this place.
 G = Mean time per level.
                   A        B        C        D        E       F      G
               +--------+--------+--------+--------+--------+-----+--------+
         Total |   3853 |   3663 |    190 |    294 |      0 |   5 |  770.6 |
       Dungeon |   3853 |   3663 |    190 |    294 |      0 |   5 |  770.6 |
               +--------+--------+--------+--------+--------+-----+--------+

Top non-repeatable levels by time:
     D:4: 1373 daAuts
     D:2: 990 daAuts
     D:1: 784 daAuts
     D:3: 691 daAuts
     D:5: 13 daAuts
